 Dungeon Crawl Stone Soup version 0.17.1-2-g5865329 (webtiles) character file.

1929 kaze the Ducker (level 8, -9/81 HPs)
             Began as a Troll Berserker on Jan 20, 2016.
             Was a Priest of Trog.
             Mangled by a gnoll
             ... wielding a +0 spear
              (11 damage)
             ... on level 7 of the Dungeon.
             The game lasted 00:21:22 (4151 turns).

kaze the Ducker (Troll Berserker)                   Turns: 4151, Time: 00:21:22

Health: -9/81      AC:  6    Str: 28    XL:     8   Next: 96%
Magic:  7/7        EV: 12    Int:  3    God:    Trog [***...]
Gold:   169        SH:  0    Dex:  9    Spells: 0 memorised, 7 levels left

rFire  . . .     SeeInvis .     q - +9 flail "Yxiyciso" {vamp, rN+}
rCold  . . .     Clarity  .     a - +0 animal skin
rNeg   + . .     SustAt   .     (no shield)
rPois  .         Gourm    +     (helmet restricted)
rElec  .         Spirit   .     (no cloak)
rCorr  .         Warding  .     (gloves unavailable)
rMut   .         Stasis   .     (boots unavailable)
MR     .....                    (no amulet)
Stlth  ++........               p - ring of stealth
                                k - +1 ring of protection

@: lethally poisoned (-9 -> -9), not resistant to hostile enchantments,
unstealthy
A: unfitting armour, claws 3, fast metabolism 3, gourmand, regeneration 2,
shaggy fur 1, tough skin 2
a: Berserk, Trog's Hand, Burn Spellbooks, Renounce Religion


You were on level 7 of the Dungeon.
You worshipped Trog.
Trog was most pleased with you.
You were completely stuffed.

You visited 1 branch of the dungeon, and saw 7 of its levels.

You collected 169 gold pieces.

Inventory:

Hand Weapons
 m - a +2 war axe of flaming
 q - the +9 flail "Yxiyciso" (weapon) {vamp, rN+}
   (You found it on level 4 of the Dungeon)

   It inflicts no extra harm, but heals its wielder somewhat when it strikes a
   living foe.
   It protects you from negative energy.
Armour
 a - a +0 animal skin (worn)
Jewellery
 k - a +1 ring of protection (left claw)
 p - a ring of stealth (right claw)
Wands
 r - a wand of fire (4)
Scrolls
 c - a scroll of blinking {unknown}
 d - 5 scrolls of teleportation {unknown}
 e - a scroll of noise {unknown}
 l - 4 scrolls of identify {unknown}
 o - a scroll of fear {unknown}
 s - a scroll of remove curse {unknown}
Potions
 g - a potion of poison {unknown}
 h - 2 potions of curing {unknown}
 i - 3 potions of might {unknown}
 n - a potion of agility {unknown}
 t - a potion of resistance {unknown}
 u - a potion of invisibility {unknown}
 w - a potion of mutation {unknown}
Comestibles
 b - 7 bread rations
 f - 2 beef jerkies
 j - 3 meat rations
 v - 6 chunks of flesh


   Skills:
 + Level 5.4 Fighting
 - Level 1.6(2.7) Axes
 * Level 3.8(4.0) Maces & Flails
 + Level 6.8 Dodging
 - Level 0.5 Stealth
 - Level 5.0 Unarmed Combat


You had 7 spell levels left.
You didn't know any spells.

Dungeon Overview and Level Annotations

Branches:
Dungeon (7/15)             Temple (0/1) D:6

Altars:
Cheibriados
Elyvilon
Makhleb
Nemelex Xobeh
Okawaru
Ru
Trog
Vehumet
The Shining One

Shops:
D:4 %   D:5 (


Innate Abilities, Weirdness & Mutations

You are too large for most types of armour.
You have claws for hands.
Your metabolism is lightning-fast.
You like to eat raw meat.
You heal very quickly.
You are covered in fur (AC +1).
You have very tough skin (AC +2).


Message History

You feel sick. The gnoll barely misses you.
You feel sick. The gnoll closely misses you. The gnoll closely misses you.
Things that are here:
a club; a gnoll corpse You feel sick.
The gnoll closely misses you.
The gnoll shaman calls upon its god to speed up something.
The gnoll closely misses you.
You feel sick.
The gnoll is no longer moving quickly.
The gnoll hits you from afar with a spear!
* * * LOW HITPOINT WARNING * * *
The gnoll hits you from afar with a spear.
* * * LOW HITPOINT WARNING * * *
Things that are here:
a giant club; an ogre skeleton You feel sick.
The gnoll hits you from afar with a spear.
* * * LOW HITPOINT WARNING * * *
The gnoll hits you from afar with a spear!
You die...

##..#..... #.###........#....
#......#.. ........#.###.....
#......#..##.................
#.....(....#....#..#.........
#......###.....# #.#...)%?...
##........#...### #.........>.
##g.)#...#....).######.........
#gy### #...##......#..........#
#g## ##g..g.@##....#.......##
##g# #...g#.)###..........##
#..# ##)#..g..# ##.##......#
##.## ##..#..##.## #.##......+
....# #g.##..##..# #.##..##.##
....####.####.###.###.###.# .#
.....g..g# #...#.....###.. ..
......#### ###................
......# ###########


You could see a gnoll shaman and 3 gnolls.

Vanquished Creatures
  Sigmund (D:2)
  Menkaure (D:4)
  An orc warrior (D:6)
  4 ogres
  A sky beast (D:6)
  An ice beast (D:6)
  3 giant frogs
  A killer bee (D:7)
  2 crimson imps
  3 hounds
  A jelly (D:7)
  A giant frog skeleton (D:6)
  Jessica (D:2)
  2 centaur skeletons
  An iguana (D:4)
  5 orc wizards
  5 worker ants
  A killer bee zombie (D:6)
  5 gnolls
  6 adders
  A shadow imp (D:5)
  2 oozes (D:3)
  A worm (D:2)
  2 giant geckos
  17 orcs
  3 ball pythons
  6 hobgoblins
  7 jackals
  7 kobolds
  2 quokkas
  2 bats
  7 giant cockroaches
  3 giant newts
  4 goblins
  A jackal skeleton (D:7)
  8 rats
119 creatures vanquished.

Notes
Turn   | Place    | Note
--------------------------------------------------------------
     0 | D:1      | kaze the Troll Berserker began the quest for the Orb.
     0 | D:1      | Reached XP level 1. HP: 22/22 MP: 0/0
   222 | D:1      | Reached XP level 2. HP: 19/29 MP: 1/1
   446 | D:2      | Reached XP level 3. HP: 34/36 MP: 2/2
   531 | D:2      | Found a burning altar of Makhleb.
   833 | D:2      | Noticed Jessica
   837 | D:2      | Killed Jessica
   837 | D:2      | Reached XP level 4. HP: 45/45 MP: 3/3
   847 | D:2      | Found a sacrificial altar of Ru.
   891 | D:2      | Reached ** piety under Trog
   942 | D:2      | Noticed Sigmund
   968 | D:2      | Killed Sigmund
   968 | D:2      | Reached skill level 4 in Unarmed Combat
   968 | D:2      | Reached XP level 5. HP: 14/53 MP: 4/4
  1124 | D:2      | Found a snail-covered altar of Cheibriados.
  1248 | D:3      | Reached XP level 6. HP: 56/61 MP: 5/5
  1799 | D:3      | Found a burning altar of Makhleb.
  1806 | D:3      | Found a bloodstained altar of Trog.
  1948 | D:4      | Found Qoraez's Food Shoppe.
  1953 | D:4      | Noticed Menkaure
  1962 | D:4      | Killed Menkaure
  1962 | D:4      | Reached skill level 5 in Unarmed Combat
  2028 | D:4      | Found a sparkling altar of Nemelex Xobeh.
  2032 | D:4      | Reached XP level 7. HP: 65/70 MP: 6/6
  2128 | D:4      | Reached skill level 1 in Axes
  2409 | D:4      | Reached skill level 5 in Dodging
  2438 | D:4      | Got a dazzling flail
  2439 | D:4      | Identified the +9 flail "Yxiyciso" {vamp, rN+} (You found it on level 4 of the Dungeon)
  2479 | D:5      | Entered Level 5 of the Dungeon
  2609 | D:5      | Found Xaje's Antique Weapon Boutique.
  2629 | D:5      | Reached *** piety under Trog
  2632 | D:5      | Found an iron altar of Okawaru.
  2744 | D:5      | Found a radiant altar of Vehumet.
  2796 | D:5      | Found a glowing golden altar of the Shining One.
  3185 | D:6      | Reached skill level 1 in Maces & Flails
  3243 | D:6      | Reached XP level 8. HP: 79/79 MP: 7/7
  3377 | D:6      | Reached skill level 5 in Fighting
  3377 | D:6      | Reached skill level 6 in Dodging
  3403 | D:6      | Found a staircase to the Ecumenical Temple.
  3536 | D:6      | Found a white marble altar of Elyvilon.
  3990 | D:7      | HP: 4/81 [ogre/giant club (17)]
  4151 | D:7      | HP: 2/81 [gnoll/spear (4)]
  4151 | D:7      | Mangled by a gnoll

Action                   |  1- 3 |  4- 6 |  7- 9 || total
-------------------------+-------+-------+-------++-------
Melee: Unarmed           |    80 |    79 |       ||   159
       War axe           |       |     7 |    57 ||    64
       Flail             |       |       |   123 ||   123
Invok: Berserk           |       |     2 |     1 ||     3
       Trog's Hand       |       |       |     5 ||     5
       Burn Spellbooks   |       |       |     1 ||     1
  Eat: Chunk             |     5 |    19 |    22 ||    46
       Meat ration       |       |       |     1 ||     1
       Pizza             |       |       |     1 ||     1
